 Dungeon Sprint DCSS version 0.21.1-1-g345015f (webtiles) character file.

0 sanboga the Skirmisher (level 1, -2/21 HPs)
             Began as a Gargoyle Berserker on Feb 6, 2018.
             Was a Follower of Trog.
             Slain by a water moccasin (3 damage)
             ... in the Dungeon (Sprint VI: "Thunderdome").
             The game lasted 00:00:22 (27 turns).

sanboga the Skirmisher (Gargoyle Berserker)           Turns: 27, Time: 00:00:22

Health: -2/21      AC:  4    Str: 25    XL:     1   Next: 20%
Magic:  1/1        EV: 12    Int:  7    God:    Trog [*.....]
Gold:   80         SH:  0    Dex:  9    Spells: 0/0 levels left

rFire    . . .     SeeInvis .   n - +0 broad axe
rCold    . . .     Gourm    .   (no shield)
rNeg     + . .     Faith    .   b - +0 animal skin
rPois    ∞         Spirit   .   (no helmet)
rElec    +         Reflect  .   (no cloak)
rCorr    .         Harm     .   (no gloves)
MR       .....     NoTele   +   (no boots)
Stlth    ..........             (no amulet)
HPRegen  0.07/turn              (no ring)
MPRegen  0.07/turn              (no ring)

@: berserking, very quick
A: negative energy resistance 1, electricity resistance, unbreathing,
petrification resistance, rot immunity, AC +2
a: Berserk, Burn Spellbooks, Renounce Religion


You were in the Dungeon.
You worshipped Trog.
Trog was aware of your devotion.
You were not hungry.

You visited 1 branch You collected 200 gold pieces.
You spent 120 gold pieces at shops.

Inventory:

Hand Weapons
 n - a +0 broad axe (weapon)
Armour
 b - a +0 animal skin (worn)
Wands
 k - a wand of acid (5)
 l - a wand of iceblast (5)
Scrolls
 i - 4 scrolls of blinking
 m - 3 scrolls of fog
Potions
 d - a potion of curing
 e - 4 potions of heal wounds
 f - 4 potions of haste
 g - 2 potions of magic
 h - a potion of berserk rage
 j - a potion of resistance
Comestibles
 c - a ration


   Skills:
 + Level 3.5 Fighting
 + Level 2.8 Axes
 + Level 2.4 Armour
 + Level 1.8 Dodging


You couldn't memorise any spells.
You didn't know any spells.

Dungeon Overview and Level Annotations

Branches:
Dungeon (1/1)

Altars:
Fedhas
Ru
Vehumet
Wu Jian
Yredelemnul
The Shining One
Jiyva

Shops:
D **[(


Innate Abilities, Weirdness & Mutations

You are resistant to torment.
Your stone body is resilient. (AC +2)
You are immune to poison.
You resist negative energy. (rN+)
You are resistant to electric shocks. (rElec)
You can survive without breathing.
You are immune to petrification.
You are immune to rotting.


Message History

You feel quite a bit more hungry.
The water moccasin bites you but does no damage.
You barely miss the water moccasin. The water moccasin bites you.
You hit the water moccasin.
The water moccasin is moderately wounded.
An adder comes into view.
The adder hisses angrily.
The water moccasin bites you! The water moccasin closely misses you.
You barely miss the water moccasin.
The water moccasin is moderately wounded.
The water moccasin misses you.
You barely miss the water moccasin.
The water moccasin is moderately wounded.
The water moccasin closely misses you.
You closely miss the water moccasin.
The water moccasin is moderately wounded.
You miss the adder. The water moccasin bites you!
* * * LOW HITPOINT WARNING * * *
The adder bites you but does no damage. The water moccasin bites you.
You die...

...8. #.8.......
......###......._
#.8.........8.###
#⌠...........⌠#
###.........###
#_......._#
#_......._#
#_.......S#
#∩.......@#
##∩.....S##
##.....## ##⌠⌠§##
####


You could see a water moccasin and an adder.

Vanquished Creatures
  A ball python (D)
1 creature vanquished.

Notes
Turn   | Place    | Note
-------+----------+-------------------------------------------
     0 | D        | sanboga the Gargoyle Berserker began the quest for the Orb.
     0 | D        | Reached XP level 1. HP: 14/14 MP: 1/1
     4 | D        | Found a blossoming altar of Fedhas.
     5 | D        | Found a viscous altar of Jiyva.
     5 | D        | Found a radiant altar of Vehumet.
     5 | D        | Round 1.
     6 | D        | Found an ornate altar of the Wu Jian Council.
     6 | D        | Found a glowing golden altar of the Shining One.
     7 | D        | Found a sacrificial altar of Ru.
     7 | D        | Found a basalt altar of Yredelemnul.
     7 | D        | Found Uteqan's Weapon Rack.
     7 | D        | Found Opruorog's Premium Goods.
     8 | D        | Found Fiol's Basic Armour.
     8 | D        | Found Muosoh's Miscellaneous Merchandise.
    14 | D        | Noticed a water moccasin
    19 | D        | Bought a +0 broad axe for 120 gold pieces
    27 | D        | HP: 1/21 [water moccasin (7)]
    27 | D        | Slain by a water moccasin

Action                   || total
-------------------------++-------
Melee: Broad axe         ||     5
       Hand axe          ||     1
Invok: Berserk           ||     1
Armor: Animal skin       ||     2
Dodge: Dodged            ||     3
